Map: Abyssal Reef LE

Players

Neeb

  • Race: Protoss Protoss
  • Spawn Location: 11:00

Rogue - Winner!

  • Race: Zerg Zerg
  • Spawn Location: 5:00

Event: 2017 WCS Global Finals

VOD

Have the link to the VOD?

Description

Time

  • Played on: Oct. 29, 2017, 3:40 p.m.
  • Length: 6:19

All games in this series

Show
View Real Time Build Order
Export as new Build Order

Neeb Protoss 

Build Orders: Nexus First, Oracle Opening 

Get SALT Encoding   

  12  0:00  Probe (Chrono Boost)  
  13  0:11  Probe (Chrono Boost)  
  14  0:18  Pylon  
  14  0:22  Probe (Chrono Boost)  
  15  0:36  Probe (Chrono Boost)  
  16  0:47  Probe (Chrono Boost)  
  17  0:57  Probe (Chrono Boost)  
  18  1:05  Nexus  
  18  1:13  Gateway  
  18  1:16  Probe (Chrono Boost)  
  19  1:21  Assimilator  
  19  1:27  Probe (Chrono Boost)  
  19  1:30  Assimilator  
  20  1:37  Probe (Chrono Boost)  
  21  1:40  Pylon  
  21  1:48  Probe (Chrono Boost)  
  22  1:58  Probe (Chrono Boost)  
  22  2:00  Cybernetics Core  
  23  2:09  Probe (Chrono Boost)  
  24  2:17  Probe (Chrono Boost)  
  24  2:19  Probe (Chrono Boost)  
  26  2:27  Probe (Chrono Boost)  
  27  2:30  Probe (Chrono Boost)  
  27  2:32  Warp Gate (Chrono Boost)  
  27  2:36  Adept (Chrono Boost), Stargate  
  30  2:38  Probe  
  30  2:41  Probe  
  32  2:50  Probe (Chrono Boost)  
  33  2:53  Gateway, Probe (Chrono Boost)  
  34  3:00  Adept (Chrono Boost)  
  34  3:02  Probe (Chrono Boost)  
  38  3:06  Assimilator  
  38  3:07  Probe (Chrono Boost)  
  38  3:09  Pylon  
  38  3:12  Probe (Chrono Boost)  
  39  3:14  Oracle (Chrono Boost)  
  39  3:18  Probe (Chrono Boost)  
  43  3:23  Probe (Chrono Boost)  
  44  3:31  Probe (Chrono Boost)  
  45  3:34  Probe (Chrono Boost)  
  46  3:43  Nexus, Probe (Chrono Boost)  
  46  3:45  Probe (Chrono Boost)  
  46  3:47  Void Ray  
  52  3:56  Pylon  
  52  4:00  Probe (Chrono Boost)  
  52  4:02  Probe (Chrono Boost)  
  54  4:05  Assimilator  
  54  4:09  Pylon  
  54  4:14  Probe (Chrono Boost)  
  54  4:16  Probe (Chrono Boost)  
  56  4:21  Pylon  
  56  4:25  Oracle, Probe (Chrono Boost)  
  56  4:30  Mothership Core (Chrono Boost)  
  62  4:32  Pylon  
  62  4:35  Probe (Chrono Boost)  
  63  4:40  Adept x2  
  63  4:43  Assimilator  
  67  4:46  Probe (Chrono Boost)  
  67  4:49  Probe (Chrono Boost)  
  69  4:56  Stargate  
  69  4:57  Probe (Chrono Boost), Stargate  
  69  4:58  Oracle, Probe (Chrono Boost)  
  71  5:00  Assimilator  
  71  5:02  Probe (Chrono Boost)  
  75  5:07  Probe (Chrono Boost)  
  75  5:08  Probe (Chrono Boost)  
  75  5:14  Probe (Chrono Boost)  
  78  5:19  Probe (Chrono Boost)  
  80  5:22  Adept  
  80  5:23  Adept  
  79  5:29  Oracle  
  80  5:36  Probe (Chrono Boost)  
  80  5:38  Probe x2 (Chrono Boost)  
  65  5:45  Adept x2  
  65  5:47  Probe (Chrono Boost)  
  54  5:52  Probe (Chrono Boost)  
  48  6:12  Stalker x2  
Show
View Real Time Build Order
Export as new Build Order

Rogue Zerg - Winner!

Build Orders: Hatch First 

Get SALT Encoding   

  12  0:00  Drone  
  13  0:08  Drone  
  14  0:16  Overlord  
  14  0:21  Extractor  
  14  0:23  Drone  
  15  0:46  Hatchery  
  15  0:48  Drone  
  15  0:52  Drone  
  15  0:56  Drone  
  17  1:00  Drone  
  18  1:10  Extractor  
  17  1:18  Spawning Pool  
  16  1:20  Drone  
  16  1:23  Drone  
  18  1:32  Drone  
  19  1:42  Drone  
  20  1:52  Overlord  
  20  1:57  Drone  
  21  2:03  Drone  
  21  2:04  Queen  
  21  2:05  Queen  
  26  2:11  Metabolic Boost  
  26  2:14  Drone  
  27  2:16  Drone  
  27  2:21  Drone  
  29  2:25  Drone  
  30  2:30  Drone  
  31  2:39  Drone  
  32  2:44  Hatchery  
  32  2:48  Pneumatized Carapace  
  31  2:52  Zergling x2  
  31  2:53  Zergling x2  
  31  2:58  Overlord  
  33  2:59  Drone  
  33  3:02  Drone  
  35  3:08  Drone  
  36  3:17  Drone x6  
  42  3:24  Overlord  
  42  3:28  Drone  
  43  3:36  Drone  
  44  3:42  Spore Crawler  
  44  3:44  Spore Crawler, Queen  
  44  3:45  Queen  
  46  3:49  Drone  
  46  3:50  Evolution Chamber  
  46  3:57  Drone x2  
  46  3:58  Queen, Drone x2  
  52  4:06  Drone  
  52  4:07  Overlord  
  52  4:08  Zergling x4  
  55  4:11  Zergling x2  
  55  4:12  Zergling x2  
  57  4:25  Queen x2  
  57  4:26  Spore Crawler  
  57  4:28  Zergling x4  
  57  4:29  Zergling x4  
  64  4:36  Overlord, Zergling x4  
  66  4:39  Overlord  
  66  4:48  Overlord  
  66  4:57  Zergling x2  
  66  4:58  Zergling x18  
  76  5:00  Zergling x2  
  76  5:01  Zergling x2  
  76  5:05  Zergling x4  
  80  5:09  Overlord  
  80  5:11  Lair  
  80  5:15  Overlord  
  80  5:16  Drone  
  81  5:21  Drone  
  81  5:23  Overlord  
  81  5:24  Overlord  
  82  5:30  Drone x3  
  82  5:31  Drone  
  82  5:34  Queen  
  82  5:35  Drone  
  84  5:36  Drone x2  
  84  5:39  Drone x2  
  84  5:42  Zergling x2  
  86  5:43  Drone  
  86  5:44  Drone  
  86  5:46  Drone  
  86  5:49  Drone  
  89  5:54  Drone x3  
  92  5:58  Extractor x2  
  92  5:59  Zergling x4  
  92  6:01  Drone  
  91  6:10  Extractor  
  91  6:15  Spire  
Tags
 
Add a new tag
Caveats
  • Supply blocks, unpowered buildings, or Contaminate may cause inaccurate times.
  • Supply counts are checked every 10 seconds.